 Dungeon Crawl Stone Soup version v3.33-hellcrawl-87-gc32ded8 (webtiles) character file.

0 ryw the Insei (level 5, 41/41 HPs) *CASUAL*
             Began as a Demonspawn Monk on Apr 23, 2017.
             Quit the game on level 2 of the Dungeon on Aug 12, 2017.
             The game lasted 00:02:58 (1391 turns).

ryw the Insei (Demonspawn Monk)                     Turns: 1391, Time: 00:02:59

Health: 41/41      AC:  3 (0%)Str: 13   XL:     5   Next: 0%
Magic:  5/5        EV: 14    Int: 11    God:
Gold:   88         SH:  0    Dex: 15    Spells: 4/4 levels left

rFire    . . .     SeeInvis .     - Unarmed
rCold    . . .     Faith    .   (no shield)
rNeg     . . .     Spirit   .   a - +0 robe
rPois    .         Reflect  .   (helmet restricted)
rElec    .                      j - +0 cloak
rCorr    .                      (no gloves)
MR       .....                  (no boots)
Stlth    ++........             (no amulet)
Regen    0.2/turn               (no ring)
MPRegen  0.2/turn               (no ring)

@: no status effects
A: horns 2, powered by pain 1
a: no special abilities


You were on level 2 of the Dungeon.
You were not hungry.

You visited 1 branch of the dungeon, and saw 2 of its levels.

You collected 88 gold pieces.

Inventory:

Missiles
 b - 159 sling bullets
 e - 63 silver tomahawks (quivered)
 f - 58 poisoned darts
 k - 102 bolts
 l - 221 stones
 m - 69 arrows
 n - 82 javelins
 o - 6 frenzy darts
Armour
 a - a +0 robe (worn)
 j - a +0 cloak (worn)
Jewellery
 d - an uncursed amulet of faith
Scrolls
 h - a scroll of magic mapping
 i - a scroll of enchant weapon
Potions
 c - a potion of resistance
 g - 2 potions of curing


   Skills:
 + Level 3.6 Fighting
 + Level 3.7 Dodging
 - Level 2.2 Stealth
 * Level 3.8 Unarmed Combat


You had 4 spell levels left.
You didn't know any spells.

Dungeon Overview and Level Annotations

Branches:
Dungeon (2/15)

Altars:


Innate Abilities, Weirdness & Mutations

You have a pair of horns on your head.
You sometimes gain a little power by taking damage.


Message History

The giant cockroach closely misses you.
You hit the giant cockroach but do no damage.
The giant cockroach is almost dead.
The giant cockroach bites you but does no damage.
The giant cockroach barely misses you.
You barely miss the giant cockroach.
The giant cockroach is almost dead.
The giant cockroach completely misses you.
You hit the giant cockroach (4).
You kill the giant cockroach!
You have reached level 5!
Your demonic ancestry asserts itself...
The horns on your head grow some more.
No target in view!
You see here a kobold skeleton.
You see here a +0 plate armour.
Found a stone staircase leading down.
Quiver which item? (- for none, * to show all) (? for menu, Esc to quit)
Okay, then.
Are you sure you want to abandon this character and quit the game? (Confirm with "yes".)

####.#.....# #
#.#####.#
####.#####.#
....#...##.#######
####.##.##.......#
#.##.##.#####[#
####.##[##.# #.#
.....##.##.# #.#
#######.##.# #@#
#.##.# #.# #.##.#
#.# #.##.# #.#
#.##.# #.#
######.##.# #.#
#......)...# #.#
......#.#### #>#
#.......#


There were no monsters in sight!

Vanquished Creatures
  3 adders (D:2)
  A quokka (D:2)
  3 ball pythons
  5 giant cockroaches
  6 goblins
  3 hobgoblins
  6 bats
  3 frilled lizards
  3 kobolds
  7 rats
40 creatures vanquished.

Notes
Turn   | Place    | Note
-------+----------+-------------------------------------------
     0 | D:1      | ryw the Demonspawn Monk began the quest for the Orb.
     0 | D:1      | Reached XP level 1. HP: 18/18 MP: 1/1
    28 | D:1      | Gained mutation: You have a pair of small horns on your head. [demonic ancestry]
    28 | D:1      | Reached XP level 2. HP: 15/24 MP: 2/2
   612 | D:1      | Reached XP level 3. HP: 26/29 MP: 3/3
   691 | D:1      | Upgraded the game from v3.01-hellcrawl-74-g7a863a7 to v3.33-hellcrawl-87-gc32ded8
   945 | D:2      | Gained mutation: You sometimes gain a little power by taking damage. [demonic ancestry]
   945 | D:2      | Reached XP level 4. HP: 34/35 MP: 4/4
  1308 | D:2      | Gained mutation: You have a pair of horns on your head. [demonic ancestry]
  1308 | D:2      | Reached XP level 5. HP: 41/41 MP: 5/5
  1391 | D:2      | Quit the game

Skill      XL: |  1  2  3 |
---------------+----------+-----
Dodging        | 3 |  3.7
Stealth        | 2 |  2.2
Unarmed Combat | 3 |  3.8
Fighting       | |  3.6

Action                   |  1- 3 |  4- 6 || total
-------------------------+-------+-------++-------
Melee: Unarmed           |    98 |    56 ||   154
       Headbutt          |     7 |     5 ||    12
       Punch             |     1 |     1 ||     2
 Stab: Sleeping          |     2 |     5 ||     7
Armor: Robe              |    18 |    10 ||    28
Dodge: Dodged            |    66 |    40 ||   106
